 Dungeon Crawl Stone Soup version 0.30-a0-359-gd0147acb1a (webtiles) character file.

Game seed: 10027148753825037515

23820 sirelderling the Warrior (level 12, -17/105 HPs)
             Began as a Minotaur Fighter on Nov 11, 2022.
             Was the Champion of Okawaru.
             Demolished by a large abomination (27 damage)
             ... on level 2 of the Abyss.
             The game lasted 00:41:23 (14023 turns).

sirelderling the Warrior (Minotaur Fighter)        Turns: 14023, Time: 00:41:24

Health: -17/105    AC: 12    Str: 26    XL:     12   Next: 75%
Magic:  11/11      EV:  6    Int:  5    God:    Okawaru [******]
Gold:   691        SH: 10    Dex: 10    Spells: 11/11 levels left

rFire   + . .      SeeInvis +    C - +3 hand axe (freeze)
rCold   + . .      Faith    .    c - +1 buckler
rNeg    . . .      Spirit   .    v - +6 plate armour {ponderous}
rPois   .          Reflect  +    (helmet restricted)
rElec   .          Harm     .    y - scarf {rC+ rF+}
rCorr   .          Rampage  .    (no gloves)
Will    .....                    (no boots)
Stlth   ..........               a - amulet of reflection
HPRegen 0.37/turn                t - ring of see invisible
MPRegen 0.12/turn                (no ring)

@: slow
A: horns 2, retaliatory headbutt, [deformed body], [frail 2]
a: Renounce Religion, Heroism, Finesse, Duel


You were on level 2 of the Abyss.
You worshipped Okawaru.
Okawaru was exalted by your worship.
You visited 4 branches of the dungeon, and saw 15 of its levels.
You visited the Abyss 1 time.

You collected 691 gold pieces.

Inventory:

Hand Weapons
 m - a +1 broad axe
 C - a +3 hand axe of freezing (weapon)
 H - a +1 battleaxe of venom
Missiles
 j - 2 throwing nets (quivered)
Armour
 c - a +1 buckler (worn)
 u - a +3 scale mail of poison resistance
 v - a +6 plate armour of ponderousness (worn)
 y - a scarf of resistance (worn)
Jewellery
 a - an amulet of reflection (around neck)
 b - a +4 ring of evasion
 e - a ring of resist corrosion
 h - a ring of flight
 t - a ring of see invisible (left hand)
 F - a ring of magical power
Wands
 L - a wand of flame (9)
Scrolls
 n - 5 scrolls of vulnerability
 p - 3 scrolls of butterflies
 s - 2 scrolls of enchant armour
 x - a scroll of noise
 A - 6 scrolls of identify
 B - a scroll of enchant weapon
 D - a scroll of silence {unknown}
 G - 2 scrolls of magic mapping
 I - a scroll of amnesia {unknown}
 J - a scroll of immolation
 K - 2 scrolls of teleportation
Potions
 d - 2 potions of might
 f - 4 potions of brilliance
 g - a potion of attraction
 i - 4 potions of cancellation
 k - 2 potions of resistance
 l - 2 potions of lignification
 o - a potion of berserk rage
 q - a potion of flight {unknown}
 r - 4 potions of heal wounds {unknown}
 w - a potion of magic {unknown}
 z - 2 potions of degeneration {unknown}
 E - 3 potions of invisibility


   Skills:
 + Level 19.9 Fighting
 - Level 16.0 Axes
 - Level 3.6 Armour
 - Level 3.6 Shields


You had 11 spell levels left.
You didn't know any spells.
Your spell library contained the following spells:

 Spells                   Type           Power      Damage    Failure   Level
 Freeze                   Ice            0%         1d3       100%        1
 Magic Dart               Conj           0%         1d3       100%        1
 Blink                    Tloc           0%         N/A       100%        2
 Momentum Strike          Conj/Tloc      0%         3d8       100%        2
 Frozen Ramparts          Ice            0%         1d1       100%        3
 Gell's Gravitas          Tloc           0%         N/A       100%        3
 Hailstorm                Conj/Ice       0%         3d3       100%        3
 Inner Flame              Hex/Fire       0%         N/A       100%        3
 Lesser Beckoning         Tloc           0%         N/A       100%        3
 Mephitic Cloud           Conj/Pois/Air  0%         N/A       100%        3
 Portal Projectile        Hex/Tloc       0%         N/A       100%        3
 Teleport Other           Tloc           0%         N/A       100%        3
 Cause Fear               Hex            0%         N/A       100%        4
 Leda's Liquefaction      Hex/Erth       0%         N/A       100%        4
 Passage of Golubria      Tloc           0%         N/A       100%        4
 Yara's Violent Unravell  Hex/Tmut       0%         3d3       100%        5
 Orb of Destruction       Conj           0%         9d5       100%        7
 Discord                  Hex            0%         N/A       100%        8
 Call Imp                 Summ           Unusable   N/A       N/A         2
 Call Canine Familiar     Summ           Unusable   N/A       N/A         3
 Summon Guardian Golem    Hex/Summ       Unusable   N/A       N/A         3
 Tukima's Dance           Hex            Unusable   N/A       N/A         3
 Spellforged Servitor     Conj/Summ      Unusable   N/A       N/A         7

Dungeon Overview and Level Annotations

Branches:
Dungeon (9/15)             Temple (1/1) D:4            Lair (4/5) D:9
  Swamp (1/4) Lair:2       Spider (0/4) Lair:2
  Slime: Lair:4-5       Orc: D:9-12

Altars:
Ashenzari
Cheibriados
Dithmenos
Elyvilon
Fedhas
Gozag
Hepliaklqana
Kikubaaqudgha
Makhleb
Nemelex Xobeh
Okawaru
Qazlal
Ru
Sif Muna
Trog
Uskayaw
Wu Jian
Xom
Yredelemnul
Zin
The Shining One

Shops:
D:3 [=   D:6 (   D:8 :

Annotations:
Lair:2 exclusion: oklob plant
Lair:4 Sonja


Innate Abilities, Weirdness & Mutations

You have a pair of horns on your head.
You reflexively headbutt those who attack you in melee.
[Armour fits poorly on your strangely shaped body.]
[You are very frail. (-20% HP)]


Message History

The wretched star glows turbulently.
The lance of force reflects off an invisible shield around you!
The lance of force hits the wretched star.
The wretched star is knocked back by the lance of force.
You hit the wretched star. You headbutt the wretched star!
You destroy the wretched star!
Okawaru accepts your kill.
You slash the large abomination! You freeze the large abomination.
The large abomination is moderately damaged.
You hit the large abomination but do no damage.
The large abomination is moderately damaged.
The large abomination hits you!
You completely miss the large abomination.
The large abomination is moderately damaged.
You block the large abomination's attack.
You barely miss the large abomination.
Your headbutt misses the large abomination.
The large abomination is moderately damaged.
You hit the large abomination but do no damage.
The large abomination is moderately damaged.
The large abomination hits you!!
You hit the large abomination. You freeze the large abomination.
The large abomination is heavily damaged.
The large abomination hits you!!
You hit the large abomination but do no damage.
You headbutt the large abomination!
The large abomination is severely damaged.
You hit the large abomination but do no damage.
The large abomination is severely damaged.
The large abomination hits you!!
* * * LOW HITPOINT WARNING * * *
You hit the large abomination but do no damage.
The large abomination is severely damaged.
The large abomination closely misses you.
You hit the large abomination but do no damage.
The large abomination is severely damaged.
You hit the large abomination. You freeze the large abomination.
The large abomination is severely damaged.
The large abomination hits you!!
You die...

# ## ###. # #
.#. # #..# ..
.. # ...#.#
#..## # ..#..#
.#....##.#...#
# #..#@..#
#ยงยง.
#.X#....# #.
#.##..#.#..# .
.##..#...# . .
.##.#..####
##. .##.# ..
..#. .# ##. .
. #. ..


You could see a large abomination.

Vanquished Creatures
  Harold (Lair:2)
  The ghost of Wumir the Covert, a journeyman SpBr of Trog (Lair:3)
  A two-headed ogre (D:6)
  A wretched star (Abyss:2)
  2 sixfirhies (Abyss:2)
  An orb spider (Lair:2)
  A lindwurm (Lair:3)
  A bog body (Lair:2)
  A worldbinder (Abyss:2)
  A black mamba (Lair:3)
  8 cane toads
  2 ice devils (Lair:1)
  5 rime drakes
  3 komodo dragons
  Prince Ribbit (Lair:1)
  2 polar bears
  11 blink frogs
  26 yaks
  Eustachio (D:4)
  3 wyverns
  2 swamp worms (Lair:2)
  11 water moccasins
  2 orc warriors
  2 sky beasts
  A black bear (Lair:4)
  2 ice beasts (D:9)
  2 ogres
  8 wolves
  A centaur (D:7)
  A phantom (D:4)
  A kobold brigand (D:8)
  Blork the orc (D:5)
  9 bullfrogs
  A gnoll sergeant (D:5)
  2 scorpions (D:5)
  4 wights (D:6)
  32 killer bees (Lair:3)
  A small abomination (Abyss:2)
  An electric eel (Lair:2)
  3 howler monkeys
  2 hounds
  6 jellies
  3 orc priests
  4 iguanas
  8 orc wizards
  9 adders
  9 gnolls
  A shadow imp (D:6)
  A white imp (D:6)
  4 worms
  A dart slug (D:2)
  25 orcs
  8 ball pythons
  3 bats
  7 endoplasms
  A giant cockroach (D:2)
  8 goblins
  5 hobgoblins
  6 jackals
  13 kobolds
  3 quokkas
  9 rats
296 creatures vanquished.

Vanquished Creatures (others)
  8 fungi
  18 plants
26 creatures vanquished.

Grand Total: 322 creatures vanquished

Notes
Turn   | Place    | Note
-------+----------+-------------------------------------------
     0 | D:1      | sirelderling the Minotaur Fighter began the quest for the
                  | Orb.
     0 | D:1      | Reached XP level 1. HP: 19/19 MP: 0/0
    89 | D:1      | Reached XP level 2. HP: 24/26 MP: 1/1
   823 | D:2      | Reached XP level 3. HP: 25/31 MP: 2/2
   940 | D:2      | Found a basalt altar of Yredelemnul.
  1030 | D:2      | Reached skill level 5 in Axes
  1102 | D:2      | Found a faded altar of an unknown god.
  1102 | D:2      | Noticed a Brimstone Fiend
  1272 | D:2      | Reached XP level 4. HP: 36/39 MP: 3/3
  1697 | D:3      | Found Cohusk's One-of-a-Kind Rings.
  1707 | D:3      | Identified the +0 robe "Siqimoi" {rElec Int-5 SInv}
  2008 | D:3      | Found Amaug's Antique Armour Boutique.
  2353 | D:4      | Reached XP level 5. HP: 35/45 MP: 4/4
  2500 | D:4      | Noticed a sky beast
  2517 | D:4      | Killed a sky beast
  2518 | D:4      | Reached XP level 6. HP: 22/51 MP: 5/5
  2725 | D:4      | Found a staircase to the Ecumenical Temple.
  2730 | D:4      | Noticed Eustachio
  2763 | D:4      | Killed Eustachio
  2926 | D:4      | Reached XP level 7. HP: 53/57 MP: 6/6
  3101 | Temple   | Entered the Ecumenical Temple
  3349 | D:5      | Entered Level 5 of the Dungeon
  3870 | D:5      | Reached skill level 10 in Axes
  3922 | D:5      | Noticed Blork the orc
  3934 | D:5      | Killed Blork the orc
  4048 | D:5      | Reached XP level 8. HP: 64/64 MP: 7/7
  4532 | D:6      | You fall into a shaft and drop 3 floors!
  4877 | D:7      | Found an opulent altar of Gozag.
  5418 | D:6      | Noticed a two-headed ogre
  5436 | D:6      | Killed a two-headed ogre
  5437 | D:6      | Reached XP level 9. HP: 49/70 MP: 8/8
  5572 | D:6      | Found Ewoum's Antique Weapon Shop.
  5603 | D:6      | Reached skill level 15 in Axes
  5766 | D:6      | Found a bloodstained altar of Trog.
  5766 | D:6      | Found an ancient bone altar of Kikubaaqudgha.
  5766 | D:6      | Found a shadowy altar of Dithmenos.
  6523 | D:8      | Found a glowing silver altar of Zin.
  6675 | D:8      | Found a white marble altar of Elyvilon.
  6722 | D:8      | Reached skill level 4 in Fighting
  6734 | D:8      | Reached skill level 5 in Fighting
  6969 | D:8      | Found Timnir's Tremendous Tomes.
  6980 | D:8      | Reached skill level 6 in Fighting
  6991 | D:8      | Reached XP level 10. HP: 80/84 MP: 9/9
  7428 | D:9      | Found a shimmering altar of Xom.
  7440 | D:9      | Reached skill level 7 in Fighting
  7440 | D:9      | Found an iron altar of Okawaru.
  7456 | D:9      | Became a worshipper of Warmaster Okawaru
  7517 | D:9      | Reached skill level 8 in Fighting
  7667 | D:9      | Found a staircase to the Lair.
  7687 | Lair:1   | Entered Level 1 of the Lair of Beasts
  7748 | Lair:1   | Reached skill level 9 in Fighting
  7790 | Lair:1   | Reached * piety under Okawaru
  7803 | D:9      | Reached skill level 10 in Fighting
  8062 | Lair:1   | Reached skill level 11 in Fighting
  8067 | Lair:1   | Reached ** piety under Okawaru
  8363 | Lair:1   | Noticed Prince Ribbit
  8380 | Lair:1   | Reached skill level 12 in Fighting
  8391 | Lair:1   | Killed Prince Ribbit
  8404 | Lair:1   | Reached XP level 11. HP: 93/105 MP: 10/10
  8503 | Lair:1   | Reached *** piety under Okawaru
  8537 | Lair:1   | Reached skill level 13 in Fighting
  8878 | Lair:1   | Noticed a boulder beetle
  9620 | Lair:1   | Reached skill level 14 in Fighting
  9969 | Lair:2   | Reached **** piety under Okawaru
  9976 | Lair:2   | Noticed Harold
  9993 | Lair:2   | Killed Harold
  9994 | Lair:2   | Reached skill level 15 in Fighting
  9997 | Lair:2   | Reached ***** piety under Okawaru
 10355 | Lair:2   | Reached skill level 16 in Fighting
 10355 | Lair:2   | Noticed a bog body
 10362 | Lair:2   | Killed a bog body
 10367 | Lair:2   | Found a staircase to the Swamp.
 10390 | Swamp:1  | Entered Level 1 of the Swamp
 10746 | Lair:2   | Found a hole to the Spider Nest.
 10746 | Lair:2   | Noticed an orb spider
 10820 | Lair:2   | Killed an orb spider
 10820 | Lair:2   | Received a gift from Okawaru
 11109 | Lair:2   | Reached skill level 17 in Fighting
 11109 | Lair:2   | Reached XP level 12. HP: 110/125 MP: 11/11
 11793 | Lair:3   | Received a gift from Okawaru
 11945 | Lair:3   | Found a runed translucent door.
 11947 | Lair:3   | Noticed Wumir's ghost (journeyman SpBr)
 11980 | Lair:3   | Killed Wumir's ghost
 11981 | Lair:3   | Reached skill level 18 in Fighting
 13383 | Lair:3   | Reached skill level 19 in Fighting
 13742 | Lair:4   | Noticed Sonja
 13751 | Abyss:2  | Cast into level 2 of the Abyss (Sonja)
 13830 | Abyss:2  | Received a gift from Okawaru
 13830 | Abyss:2  | Found the +2 cloak of the Thief {*Fog Slay-2 SInv Stlth+}
 13918 | Abyss:2  | Reached ****** piety under Okawaru
 14023 | Abyss:2  | Demolished by a large abomination

Illustrated notes

Levels and vault maps discovered:
D:1:      dpeg_arrival_ratfight, layout_basic
D:2:      layout_basic, basic_altar, dreamdust_ecumenical_altar_sealed_demon,
          minmay_pentomino_s2
D:3:      layout_basic, serial_shops, nicolae_lakefront_shop,
          nicolae_shop_unique_rings, amcnicky_mini_rare_corridor_liquid
D:4:      minmay_spotlight, layout_rooms, minmay_temple_entry_ruins,
          uniq_eustachio
D:5:      layout_basic, uniq_blork_the_orc
D:6:      layout_basic, gammafunk_temple_overflow_forgotten, serial_shops,
          nicolae_square_shop
D:7:      layout_basic, nicolae_gozag_cash_rules_everything_around_me
D:8:      layout_loops_ring, mainiacjoe_overflow_alcove_2,
          mainiacjoe_overflow_24_doors, nicolae_shop_i_like_big_books
D:9:      layout_irregular_city, chequers_temple_overflow_statue_of_worship,
          hellmonk_lair_entry_icy, orc_0_dummy, lightli_bailey_entry_fortress
Temple:   cyrus_circular_temple
Lair:1:   layout_chaotic_city, portal_ice_cave_demonic_guard,
          uniq_prince_ribbit2
Lair:2:   layout_long_grid, nicolae_swamp_entry_splash_gauntlet,
          nicolae_spider_entry_orb_guardian, minmay_lair_oklob_bushes,
          chequers_serial_rivers_small_b, infiniplex_staircase_pool, uniq_harold
Lair:3:   wad_woods_minihive, layout_regular_city, ebering_ghost_inner_flame
Lair:4:   layout_hall_layers, beast_lair_carwin_5, lemuel_fruit_tree,
          serial_bayou_shore_b, uniq_sonja
Swamp:1:  layout_falls_marsh, hangedman_swamp_ruin_hall, swamp_pool2,
          uniq_josephine
Abyss:2:  base: Spider:2, hangedman_stitches_earthworm

Skill      XL: |  1  2  3  4  5  6  7  8  9 10 11 12 |
---------------+-------------------------------------+-----
Axes           | 3 4 5 6 7 9 11 14 16 | 16.0
Fighting       | 6 12 17 19 | 19.9
Armour         | |  3.6
Shields        | |  3.6

Action                   |  1- 3 |  4- 6 |  7- 9 | 10-12 || total
-------------------------+-------+-------+-------+-------++-------
Melee: War axe           |    56 |    21 |       |       ||    77
       Headbutt          |     5 |    14 |    39 |   123 ||   181
       Broad axe         |       |    93 |   176 |       ||   269
       Hand axe          |       |       |    63 |   568 ||   631
  Use: Scroll            |       |    15 |     4 |     4 ||    23
       Potion            |       |     1 |     1 |     4 ||     6
Armor: Scale mail        |    27 |    52 |    21 |       ||   100
       Plate armour      |       |       |    64 |   275 ||   339
Dodge: Dodged            |    29 |    61 |    34 |   150 ||   274
Block: Buckler           |     9 |    59 |   107 |   287 ||   462
       Reflection        |       |     1 |     6 |    10 ||    17

Table legend: (Time is in decaauts)
 A = Elapsed time spent in this place.
 B = Non-inter-level travel time spent in this place.
 C = Inter-level travel time spent in this place.
 D = Time resting spent in this place.
 E = Time spent auto-exploring this place.
 F = Levels seen in this place.
 G = Mean time per level.
                   A        B        C        D        E       F      G
               +--------+--------+--------+--------+--------+-----+--------+
         Total |  14376 |  13950 |    426 |      0 |   9940 |  16 |  898.5 |
       Dungeon |   8001 |   7678 |    323 |      0 |   5317 |   9 |  889.0 |
        Temple |    169 |    169 |      0 |      0 |      0 |   1 |  169.0 |
          Lair |   5937 |   5834 |    103 |      0 |   4437 |   4 | 1484.2 |
         Swamp |      1 |      1 |      0 |      0 |      0 |   1 |    1.0 |
         Abyss |    265 |    265 |      0 |      0 |    185 |   1 |  265.0 |
               +--------+--------+--------+--------+--------+-----+--------+

Top non-repeatable levels by time:
  Lair:3: 2004 daAuts
  Lair:1: 1977 daAuts
  Lair:2: 1746 daAuts
     D:5: 1216 daAuts
     D:8: 1100 daAuts
     D:6: 1090 daAuts
     D:2: 904 daAuts
     D:4: 850 daAuts
     D:1: 817 daAuts
     D:7: 741 daAuts
     D:3: 658 daAuts
     D:9: 622 daAuts
 Abyss:2: 265 daAuts
  Lair:4: 209 daAuts
  Temple: 169 daAuts
